 Dungeon Crawl Stone Soup version 0.31.0-1-g2c135a0 (webtiles) character file.

Game seed: 9407109896270520434

73247 jagoly the Geomancer (level 15, -5/115 HPs)
             Began as a Human Earth Elementalist on Jan 30, 2024.
             Was the Champion of Cheibriados.
             Slain by a naga warrior
             ... wielding a +0 halberd
              (22 damage)
             ... on level 2 of the Snake Pit.
             The game lasted 02:59:14 (6938 turns).

jagoly the Geomancer (Human Earth Elementalist)     Turns: 6938, Time: 02:59:15

Health: -5/115     AC: 34    Str: 26    XL:     15   Next: 9%
Magic:  14/24      EV: 18    Int: 35    God:    Cheibriados [******]
Gold:   999        SH: 12    Dex: 30    Spells: 2/26 levels left

rFire   . . .        a - staff of earth
rCold   . . .        F - +0 buckler
rNeg    . . .        R - +7 chain mail "Etavippe" {rElec Regen+ Int-2}
rPois   .            Q - +2 helmet {Int+3}
rElec   +            t - +2 cloak
rCorr   .            u - +0 pair of gloves
SInv    .            z - +2 pair of boots
Will    +....        g - amulet of reflection
Stlth   +            D - +5 ring of evasion
HPRegen 1.19/turn    N - +4 ring of protection
MPRegen 0.19/turn

%: reflection
@: lethally poisoned (-5 -> -15), slowed, constricted, very slow
A: explore regen
a: Renounce Religion, Bend Time, Temporal Distortion, Slouch, Step From Time


You were on level 2 of the Snake Pit.
You worshipped Cheibriados.
Cheibriados was exalted by your worship.
You visited 4 branches of the dungeon, and saw 20 of its levels.

You collected 1094 gold pieces.
You spent 95 gold pieces at shops.

Inventory:

Hand Weapons
 b - a +6 heavy broad axe
 f - the +2 whip of Dal Wemn {protect, rN+}
   (You found it on level 2 of the Dungeon)

   rN+:       It protects you from negative energy.
 s - the +8 long sword of the Shining Light {holy, rCorr}
   (You found it on level 11 of the Dungeon)

   rCorr:     It protects you from acid and corrosion.
 H - a +2 trident of draining
Missiles
 p - 11 javelins
 K - 8 boomerangs (quivered)
 O - 63 poisoned darts
 U - 2 silver javelins
 V - a curare-tipped dart
Armour
 t - a +2 cloak (worn)
 u - a +0 pair of gloves (worn)
 z - a +2 pair of boots (worn)
 F - a +0 buckler (worn)
 Q - a +2 helmet of intelligence (worn)
 R - the +7 chain mail "Etavippe" (worn) {rElec Regen+ Int-2}
   (You found it on level 9 of the Dungeon)

   Int-2:     It affects your intelligence (-2).
   rElec:     It insulates you from electricity.
   Regen+:    It increases your rate of health regeneration.
Magical Staves
 a - a staff of earth (weapon)
 h - a staff of conjuration
 w - the staff "Vuffut" {rElec rC+ Stlth+ Ice}
   (You found it on level 11 of the Dungeon)

   [staff of cold]

   Base accuracy: +5 Base damage: 5 Base attack delay: 1.2 This weapon's minimum
   attack delay (0.6) is reached at skill level 12.
   rC+:       It protects you from cold.
   rElec:     It insulates you from electricity.
   Stlth+:    It makes you more stealthy.
   Ice:       It increases the power of your Ice spells.
   It falls into the 'Staves' category.
   It is a one-handed weapon.
Jewellery
 g - an amulet of reflection (around neck)
 D - a +5 ring of evasion (left hand)
 G - a ring of see invisible
 N - a +4 ring of protection (right hand)
 T - a ring of flight
 X - a ring of wizardry
Wands
 l - a wand of iceblast (11)
 q - a wand of mindburst (10)
 C - a wand of light (4)
 E - a wand of polymorph (6)
Scrolls
 d - a scroll of poison
 e - 3 scrolls of brand weapon {unknown}
 i - 4 scrolls of teleportation
 j - a scroll of blinking
 k - a scroll of enchant armour
 n - 3 scrolls of revelation
 r - 2 scrolls of torment
 x - 2 scrolls of vulnerability
 A - a scroll of immolation {unknown}
 S - a scroll of fear {unknown}
 W - a scroll of acquirement {unknown}
 Y - 2 scrolls of fog
Potions
 c - a potion of berserk rage {unknown}
 m - a potion of attraction {unknown}
 o - a potion of might {unknown}
 v - 4 potions of curing
 B - 4 potions of heal wounds
 I - 3 potions of enlightenment
 L - 2 potions of magic
 M - a potion of ambrosia {unknown}
 P - a potion of resistance {unknown}
 Z - a potion of brilliance {unknown}


   Skills:
 - Level 10.0 Fighting
 - Level 9.4 Axes
 - Level 4.1 Throwing
 - Level 10.0 Armour
 - Level 8.0 Dodging
 - Level 6.0 Stealth
 + Level 3.8 Shields
 - Level 6.0 Spellcasting
 - Level 8.0 Conjurations
 - Level 4.0 Translocations
 - Level 12.0 Earth Magic
 - Level 8.0 Invocations
 - Level 2.0 Evocations


You had 2 spell levels left.
You knew the following spells:

 Your Spells              Type           Power      Damage    Failure   Level
a - Sandblast             Erth           100%       2d20      1%          1
c - Stone Arrow           Conj/Erth      100%       3d13      1%          3
d - Lee's Rapid Deconstr  Erth           48%        3d23*     3%          5
f - Freezing Cloud        Conj/Ice/Air   14%        6-21      86%         5
p - Petrify               Alch/Erth      68%        N/A       14%         4
q - Apportation           Tloc           76%        N/A       3%          1
w - Passwall              Erth           96%        N/A       1%          3
B - Blink                 Tloc           76%        N/A       4%          2

Your spell library contained the following spells:

 Spells                   Type           Power      Damage    Failure   Level
 Kiss of Death            Conj/Necr      100%       2d13      3%          1
 Sting                    Conj/Alch      100%       1d9       3%          1
 Necrotise                Necr           40%        1d6       17%         1
 Summon Small Mammal      Summ           40%        N/A       17%         1
 Jinxbite                 Hex            20%        N/A       26%         2
 Mercury Vapours          Alch/Air       20%        N/A       26%         2
 Brom's Barrelling Bould  Conj/Erth      88%        2d10      2%          4
 Animate Armour           Summ/Erth      100%       N/A       14%         4
 Mephitic Cloud           Conj/Alch/Air  29%        N/A       19%         3
 Passage of Golubria      Tloc           38%        N/A       32%         4
 Confusing Touch          Hex            10%        N/A       45%         3
 Dispel Undead            Necr           10%        3d9       86%         4
 Summon Lightning Spire   Summ/Air       10%        N/A       86%         4
 Summon Forest            Summ/Tloc      12%        N/A       91%         5
 Silence                  Hex/Air        5%         N/A       99%         5
 Yara's Violent Unravell  Hex/Alch       5%         3d4       99%         5
 Enfeeble                 Hex            5%         N/A       100%        7
 Lehudib's Crystal Spear  Conj/Erth      44%        10d11     100%        8
 Maxwell's Capacitive Co  Air            5%         ∞         100%        8


Dungeon Overview and Level Annotations

Branches:
Dungeon (12/15) Zot: 39715  Temple (1/1) D:5 Zot: 8997    Lair (5/5) D:9 Zot: 39442
 Shoals (0/4) Lair:3        Snake (2/4) Lair:3 Zot: 17838   Slime (0/5) Lair:4
    Orc (0/2) D:12

Altars:
Ashenzari
Cheibriados
Dithmenos
Elyvilon
Fedhas
Gozag
Kikubaaqudgha
Makhleb
Nemelex Xobeh
Okawaru
Ru
Sif Muna
Trog
Uskayaw
Vehumet
Wu Jian
Xom
Yredelemnul
Zin
The Shining One
Jiyva

Shops:
D:1 :   D:4 :   D:7 ?   D:10 (

Annotations:
D:12 Rupert


Innate Abilities, Weirdness & Mutations

You regain HP and MP as you explore.


Message History

Cast which spell? (? or * to list)
Okay, then.
There is a stone staircase leading up here.
You climb upwards.
There is a stone staircase leading down here.
Cast which spell? (? or * to list)
Aiming: Passwall (safe; 1% risk of failure)
Press: ? - help, Dir - move target A rock wall.
You begin to meditate on the wall.
You continue meditating on the rock. x4
You finish merging with the rock.
A water moccasin comes into view.
The water moccasin hisses angrily.
A bullfrog comes into view.
The water moccasin bites you but does no damage.
The bullfrog gives a loud, deep croak!
You slash the water moccasin! Your punch misses the water moccasin.
The water moccasin is heavily wounded.
The bullfrog swells and bulges.
The water moccasin completely misses you.
You block the water moccasin's attack.
You barely miss the water moccasin.
The water moccasin is heavily wounded.
You barely miss the bullfrog.
The bullfrog hits you but does no damage.
The water moccasin bites you. The bullfrog closely misses you.
The water moccasin barely misses you. The bullfrog barely misses you.
The water moccasin barely misses you.
You barely miss the water moccasin.
The water moccasin is heavily wounded.
You hit the bullfrog. You block the bullfrog's attack.
The water moccasin misses you. The bullfrog closely misses you.
A yak comes into view.
The water moccasin closely misses you.
You slice the water moccasin!!
You kill the water moccasin!
Cheibriados appreciates the change of pace.
You hit the bullfrog. The bullfrog misses you. The bullfrog barely misses you.
The bullfrog misses you.
You slice the bullfrog!!
You kill the bullfrog!
Cheibriados appreciates the change of pace.
You block the yak's attack.
You slash the yak!
The yak is moderately wounded.
The yak misses you.
You slice the yak!!
The yak is almost dead.
The yak closely misses you. The yak completely misses you.
You open the yak like a pillowcase!!!
You kill the yak!
Cheibriados appreciates the change of pace.
No target in view!
A yak comes into view.
The yak moves out of view.
Things that are here:
a yak corpse; a bullfrog corpse What are your orders? t - Shout!
Orders for allies: a - Attack new target. r - Retreat! s - Stop attacking. g - Guard the area. f - Follow me.
Anything else - Cancel.
You shout for attention!
You hear a bellow! x3
A yak comes into view.
What are your orders? t - Shout!
Orders for allies: a - Attack new target. r - Retreat! s - Stop attacking. g - Guard the area. f - Follow me.
Anything else - Cancel.
You shout for attention!
The yak bellows!
A yak comes into view. x2
The yak gores you but does no damage.
The yak bellows!
You slice the yak!!
The yak is heavily wounded.
The yak misses you. The yak barely misses you.
You slice the yak!!
You kill the yak!
Cheibriados appreciates the change of pace.
You completely miss the yak. The yak gores you but does no damage.
You slice the yak!!
The yak is heavily wounded.
The yak gores you but does no damage. x2; The yak closely misses you.
You barely miss the yak.
The yak is heavily wounded.
You hit the yak. The yak barely misses you. The yak completely misses you. x2
The yak gores you but does no damage. The yak gores you!
You slice the yak!!
The yak is almost dead.
You slice the yak!! x2; The yak barely misses you.
The yak completely misses you. The yak misses you.
You closely miss the yak.
The yak is almost dead.
You slice the yak!!
You kill the yak!
Cheibriados appreciates the change of pace.
You slice the yak!!
You kill the yak!
Cheibriados appreciates the change of pace.
You block the yak's attack. The yak gores you but does no damage.
Your Throwing skill increases to level 4!
You slice the yak!!
You kill the yak!
Cheibriados appreciates the change of pace.
You see here a yak corpse.
A water moccasin comes into view.
The water moccasin hisses angrily.
The water moccasin bites you but does no damage.
The water moccasin completely misses you.
You block the water moccasin's attack.
You barely miss the water moccasin. The water moccasin closely misses you.
The water moccasin completely misses you.
You carve the water moccasin like a ham!!!
You kill the water moccasin!
Cheibriados appreciates the change of pace.
No target in view!
Things that are here:
a yak corpse; a bullfrog corpse
There is a stone staircase leading up here.
You climb upwards.
There is a stone staircase leading down here.
Your movement speed is very slow.
Your attack delay is about 1.6.
Your damage rating with your +6 heavy broad axe is about 49 (Base [13 + 10 (Hvy)] x 135% (Str) x 137% (Skill) + 6 (Ench)).
Your base attributes are Str 9, Int 19, Dex 15.
Unknown command.
Unknown command.
Okay, then.
Okay, then.
As you read the scroll of identify, it crumbles to dust.
j - a scroll of blinking
As you read the scroll of identify, it crumbles to dust.
k - a scroll of enchant armour
Okay, then.
Adjust (i)tems, (s)pells, or (a)bilities?
X - the staff "Vuffut" {rElec rC+ Stlth+ Ice} Adjust to which letter? (? for menu, Esc to quit)
w - the staff "Vuffut" {rElec rC+ Stlth+ Ice}
X - a ring of wizardry Search for what [? for help]? will+ Unknown command.
Okay, then.
Okay, then.
This spell is quite dangerous to cast!
You start memorising the spell.
You continue memorising. x5
You finish memorising.
Spell assigned to 'b'.
Adjust (i)tems, (s)pells, or (a)bilities?
Adjust which spell? b - Freezing Cloud Adjust to which letter? f - Freezing Cloud Unknown command.
Cast which spell? (? or * to list)
Aiming: Passwall (safe; 1% risk of failure)
Press: ? - help, Dir - move target A rock wall.
You begin to meditate on the wall.
You continue meditating on the rock. x3
Magic restored.
You finish merging with the rock.
Cast which spell? (? or * to list)
Aiming: Passwall (safe; 1% risk of failure)
Press: ? - help, Dir - move target A rock wall.
You begin to meditate on the wall.
You continue meditating on the rock. x4
You finish merging with the rock.
There is a staircase to the Snake Pit here.
You climb downwards.
Welcome to the Snake Pit!
This branch contains the serpentine rune of Zot.
Magic restored.
There is a staircase back to the Lair here.
Okay, then.
You drop a +0 robe of resistance.
You start putting on your armour.
You continue putting on your +0 buckler. x4
You finish putting on your +0 buckler.
Unknown command.
Cast which spell? (? or * to list)
Aiming: Stone Arrow (safe; 1% risk of failure)
Press: ? - help, Shift-Dir - straight line, f - naga warrior
Aim: a naga warrior, wielding a +0 scimitar and wearing a +0 robe (asleep, 100% to hit)
The stone arrow hits the naga warrior!!
The naga warrior is moderately wounded.
The naga warrior shouts!
The naga warrior spits poison at you. The splash of poison hits you!!
You are poisoned.
Cast which spell? (? or * to list)
Aiming: Stone Arrow (safe; 1% risk of failure)
Press: ? - help, Shift-Dir - straight line, f/p - naga warrior
Aim: a naga warrior, wielding a +0 scimitar and wearing a +0 robe (moderately wounded, 78% to hit)
The stone arrow misses the naga warrior.
You feel sick.
Cast which spell? (? or * to list)
Aiming: Stone Arrow (safe; 1% risk of failure)
Press: ? - help, Shift-Dir - straight line, f/p - naga warrior
Aim: a naga warrior, wielding a +0 scimitar and wearing a +0 robe (moderately wounded, 78% to hit)
The stone arrow hits the naga warrior!!
The naga warrior is heavily wounded.
You feel sick.
Cleave: b) +6 broad axe (heavy)
Press: ? - help, Dir - move target, f/p - naga warrior
Aim: a naga warrior, wielding a +0 scimitar and wearing a +0 robe (heavily wounded, about 25% to evade your +6 heavy broad axe)
You completely miss the naga warrior.
The naga warrior is heavily wounded.
You feel very sick.
The naga warrior hits you with a +0 scimitar!
You block the naga warrior's attack.
Cleave: b) +6 broad axe (heavy)
Press: ? - help, Dir - move target, f/p - naga warrior
Aim: a naga warrior, wielding a +0 scimitar and wearing a +0 robe (heavily wounded, about 25% to evade your +6 heavy broad axe)
You slice the naga warrior!!
The naga warrior is almost dead.
You feel sick.
The naga warrior hits you with a +0 scimitar.
The naga warrior grabs you. The naga warrior constricts you.
The naga warrior hits you with a +0 scimitar!
* * * LOW HITPOINT WARNING * * *
The naga warrior constricts you.
* * * LOW HITPOINT WARNING * * *
Cleave: b) +6 broad axe (heavy)
Press: ? - help, Dir - move target, f/p - naga warrior
Aim: a naga warrior, wielding a +0 scimitar and wearing a +0 robe (almost dead, constricting you, about 25% to evade your +6 heavy broad axe)
You slice the naga warrior!!
You kill the naga warrior!
Cheibriados appreciates the change of pace.
You feel sick.
Your Shields skill increases to level 1!
You have reached level 15!
Your experience leads to an increase in your attributes!
Your base attributes are Str 9, Int 19, Dex 15.
Increase (S)trength, (I)ntelligence, or (D)exterity?
You feel stronger. x2
You are mildly poisoned (48 -> 48).
Your movement speed is very slow.
Your attack delay is about 1.7.
Your damage rating with your +6 heavy broad axe is about 50 (Base [13 + 10 (Hvy)] x 140% (Str) x 137% (Skill) + 6 (Ench)).
Your base attributes are Str 11, Int 19, Dex 15.
Unknown command.
Search for what [Enter for "will+", or ? for help]? rpois Unknown command.
Okay, then.
You feel sick.
Things that are here:
a +0 scimitar; a +0 robe You feel sick.
You feel sick.
You are no longer poisoned.
A naga mage comes into view. It is wielding a +0 vampiric halberd.
The naga mage mumbles some strange words.
The naga mage seems to speed up.
Cast which spell? (? or * to list)
Aiming: Stone Arrow (safe; 1% risk of failure)
Press: ? - help, Shift-Dir - straight line, f - naga mage
Aim: a naga mage, wielding a +0 vampiric halberd (fast, 78% to hit)
The stone arrow misses the naga mage.
The naga mage completely misses you.
Cast which spell? (? or * to list)
Aiming: Stone Arrow (safe; 1% risk of failure)
Press: ? - help, Shift-Dir - straight line, f/p - naga mage
Aim: a naga mage, wielding a +0 vampiric halberd (fast, 78% to hit)
The stone arrow hits the naga mage!!
The naga mage is heavily wounded.
The naga mage spits poison at you.
You block the splash of poison... and reflect it back!
The splash of poison hits the naga mage.
The naga mage is poisoned.
Cast which spell? (? or * to list)
Aiming: Stone Arrow (safe; 1% risk of failure)
Press: ? - help, Shift-Dir - straight line, f/p - naga mage
Aim: a naga mage, wielding a +0 vampiric halberd (heavily wounded, fast, poisoned, catching its breath, 78% to hit)
The stone arrow hits the naga mage!!
You kill the naga mage!
Cheibriados appreciates the change of pace.
You see here a +0 vampiric halberd.
A mana viper comes into view.
The mana viper hisses angrily.
Cast which spell? (? or * to list)
Aiming: Stone Arrow (safe; 1% risk of failure)
Press: ? - help, Shift-Dir - straight line, f - mana viper
Aim: a mana viper (66% to hit)
The stone arrow misses the mana viper.
The mana viper barely misses you.
Cleave: b) +6 broad axe (heavy)
Press: ? - help, Dir - move target, f/p - mana viper
Aim: a mana viper (about 34% to evade your +6 heavy broad axe)
You miss the mana viper. You block the mana viper's attack. x2
Cleave: b) +6 broad axe (heavy)
Press: ? - help, Dir - move target, f/p - mana viper
Aim: a mana viper (about 34% to evade your +6 heavy broad axe)
You carve the mana viper like a ham!!!
The mana viper is severely wounded.
The mana viper barely misses you.
The mana viper bites you but does no damage.
You block the mana viper's attack.
Cleave: b) +6 broad axe (heavy)
Press: ? - help, Dir - move target, f/p - mana viper
Aim: a mana viper (severely wounded, about 34% to evade your +6 heavy broad axe)
You hit the mana viper.
The mana viper is almost dead.
You block the mana viper's attack. x2
Cleave: b) +6 broad axe (heavy)
Press: ? - help, Dir - move target, f/p - mana viper
Aim: a mana viper (almost dead, about 34% to evade your +6 heavy broad axe)
You slice the mana viper!!
You kill the mana viper!
Cheibriados appreciates the change of pace.
Your Shields skill increases to level 2!
Found a stone staircase leading down.
There is a stone staircase leading down here.
You climb downwards.
The black mamba hisses angrily.
Found a runed mace.
There is a stone staircase leading up here.
Cast which spell? (? or * to list)
Aiming: Stone Arrow (safe; 1% risk of failure)
Press: ? - help, Shift-Dir - straight line, f - black mamba
Aim: a black mamba (63% to hit)
The stone arrow hits the black mamba!!
The black mamba is severely wounded.
Cast which spell? (? or * to list)
Aiming: Stone Arrow (safe; 1% risk of failure)
Press: ? - help, Shift-Dir - straight line, f/p - black mamba
Aim: a black mamba (severely wounded, 63% to hit)
Okay, then.
Cleave: b) +6 broad axe (heavy)
Press: ? - help, Dir - move target, f/p - black mamba
Aim: a black mamba (severely wounded, about 36% to evade your +6 heavy broad axe)
You slice the black mamba!!
You kill the black mamba!
Cheibriados thoroughly appreciates the change of pace.
Unknown command.
Found 3 scrolls labelled PACREX XEAB.
Cast which spell? (? or * to list)
Aiming: Apportation (safe; 3% risk of failure)
Press: ? - help, Dir - move target Apport: 3 scrolls labelled PACREX XEAB You miscast Apportation.
You are very lightly contaminated with residual magic.
Nothing appears to happen.
Cast which spell? (? or * to list)
Aiming: Apportation (safe; 3% risk of failure)
Press: ? - help, Dir - move target Apport: 3 scrolls labelled PACREX XEAB Yoink!
You pull the items towards yourself.
e - 3 scrolls labelled PACREX XEAB Your magical contamination has completely faded away.
Okay, then.
Cast which spell? (? or * to list)
Aiming: Passwall (safe; 1% risk of failure)
Press: ? - help, Dir - move target A rock wall.
You begin to meditate on the wall.
You continue meditating on the rock. x2
Magic restored.
You continue meditating on the rock.
You finish merging with the rock.
Cast which spell? (? or * to list)
Aiming: Passwall (safe; 1% risk of failure)
Press: ? - help, Dir - move target A rock wall.
You begin to meditate on the wall.
You continue meditating on the rock. x2
You finish merging with the rock.
Found a potion of heal wounds.
Found a stone staircase leading down.
Press: ? - help, v - describe, . - travel
Here: a naga warrior, wielding a +0 short sword and wearing a +0 tower shield (asleep)
The floor.
Unknown command.
Cast which spell? (? or * to list)
Aiming: Stone Arrow (safe; 1% risk of failure)
Press: ? - help, Shift-Dir - straight line, f - you
Okay, then.
A guardian serpent comes into view.
The guardian serpent shouts!
The naga warrior shouts!
An anaconda comes into view.
The guardian serpent coils itself and waves its upper body at you.
You feel yourself slow down.
The anaconda moves out of view.
Unknown command.
A naga warrior comes into view. It is wielding a +0 halberd.
The guardian serpent coils itself and waves its upper body at you.
You resist with some effort.
There is a stone staircase leading down here.
Unknown command.
Unknown command.
The naga warrior spits poison at you.
The splash of poison hits you but does no damage.
You are poisoned.
The guardian serpent casts a spell at you.
The bolt of poison hits you!
You are more poisoned.
Unknown command.
Cast which spell? (? or * to list)
Aiming: Passwall (safe; 1% risk of failure)
Press: ? - help, Dir - move target A rock wall.
The naga warrior shouts!
You feel extremely sick. The guardian serpent hits you!
The guardian serpent completely misses you.
The naga warrior roars a battlecry!
The naga warrior goes into a battle-frenzy!
You block the guardian serpent's attack.
You hear an angry hiss.
You begin to meditate on the wall.
You continue meditating on the rock.
You feel extremely sick.
You block the guardian serpent's attack. x2
You continue meditating on the rock.
You feel very sick.
The anaconda hisses angrily.
You hear an angry hiss.
The guardian serpent coils itself and waves its upper body at you.
The bolt of poison hits you but does no damage.
You are more poisoned.
The guardian serpent casts a spell at you.
The bolt of poison misses you.
You finish merging with the rock.
Okay, then.
a - a staff of earth (weapon)
You feel very sick.
Okay, then.
Throw: 12 javelins
Press: ? - help, Shift-Dir - straight line, f - naga warrior
Aim: a naga warrior, wielding a +0 short sword and wearing a +0 tower shield (strong, 76% to hit)
You throw a javelin.
The javelin pierces through the guardian serpent!
The guardian serpent is moderately wounded.
The javelin pierces through the naga warrior!!
The naga warrior is moderately wounded.
You feel extremely sick.
You block the guardian serpent's attack.
The guardian serpent hits you.
The naga warrior roars a battlecry!
The naga warrior goes into a battle-frenzy!
The guardian serpent casts a spell at you.
The naga warrior blinks!
Activating: Slouch (3% risk of failure)
Press: ? - help, Dir - look around, f - activate You can feel time thicken for a moment.
You kill the guardian serpent!
Cheibriados thoroughly appreciates the change of pace.
You kill the anaconda!
Cheibriados appreciates the change of pace.
You feel extremely sick.
The naga warrior hits you from afar with a +0 halberd.
* * * LOW HITPOINT WARNING * * *
The naga warrior misses you. x2; You block the naga warrior's attack.
Your Shields skill increases to level 3!
Activating: Slouch (4% risk of failure)
Press: ? - help, Dir - look around, f - activate You can feel time thicken for a moment.
You kill the anaconda!
Cheibriados thoroughly appreciates the change of pace.
You feel very sick. The naga warrior misses you. The naga warrior grabs you.
The naga warrior constricts you.
The naga warrior hits you but does no damage.
The naga warrior hits you with a +0 short sword!!
* * * LOW HITPOINT WARNING * * *
The naga warrior constricts you.
Okay, then.
Press: ? - help, v - describe, . - travel
Here: a naga warrior, wielding a +0 short sword and wearing a +0 tower shield (severely wounded, constricting you, strong)
The floor.
Unknown command.
Press: ? - help, v - describe, . - travel
Here: a naga warrior, wielding a +0 short sword and wearing a +0 tower shield (severely wounded, constricting you, strong)
The floor.
Okay, then.
Unknown command.
Press: ? - help, v - describe, . - travel
Here: a naga warrior, wielding a +0 short sword and wearing a +0 tower shield (severely wounded, constricting you, strong)
The floor.
Unknown command.
Press: ? - help, v - describe, . - travel
Here: a naga warrior, wielding a +0 halberd (heavily wounded, strong)
The floor.
Unknown command.
Unknown command.
Okay, then.
Press: ? - help, v - describe, . - travel
Here: a naga warrior, wielding a +0 short sword and wearing a +0 tower shield (severely wounded, constricting you, strong)
The floor.
Unknown command.
Okay, then.
Unknown command.
Press: ? - help, v - describe, . - travel
Here: a naga warrior, wielding a +0 short sword and wearing a +0 tower shield (severely wounded, constricting you, strong)
The floor.
Press: ? - help, v - describe, . - travel
Here: a naga warrior, wielding a +0 short sword and wearing a +0 tower shield (severely wounded, constricting you, strong)
The floor.
Unknown command.
Okay, then.
You fail to use your ability.
You feel very sick. The naga warrior spits poison at you.
You block the splash of poison... and reflect it back!
The splash of poison misses the naga warrior.
The naga warrior spits poison at you. The splash of poison hits you.
You are more poisoned.
* * * LOW HITPOINT WARNING * * *
The naga warrior constricts you.
The naga warrior hits you from afar with a +0 halberd!!
You die...

.... !.. ..
##.. .. ##...
###. ###....##
#...
#.......### #..
#.N.## ##.###
##>†N# #...)#
#.#@# #.<.##
#####.###
##....###
##.....#
##.........
#..#..##
##..########
#.##### ##..##
#.#######..##
#...#.....##
#..........#
##......##.....


You could see 2 naga warriors.

Vanquished Creatures
  Gastronok (Lair:1)
  Fannar (Lair:3)
  An ogre mage (D:11)
  3 hydras
  3 catoblepae
  A boulder beetle (D:11)
  2 anacondas (Snake:2)
  4 two-headed ogres
  A naga warrior (Snake:1)
  6 death yaks
  Urug (D:12)
  A tengu warrior (D:11)
  A skyshark (Lair:5)
  Amaemon (D:8)
  Lodul (D:11)
  A mana viper (Snake:1)
  A harpy (Lair:3)
  2 ugly things (D:11)
  An oklob plant (Lair:5)
  A manticore (D:11)
  3 cyclopes
  2 black mambas
  17 elephants
  A naga mage (Snake:1)
  A guardian serpent (Snake:2)
  A torpor snail (shapeshifter) (D:11)
  An orange demon (D:8)
  7 cane toads
  Jeremiah (D:6)
  3 kobold demonologists (D:9)
  A freezing wraith (D:11)
  2 komodo dragons
  A tengu conjurer (D:11)
  4 trolls
  5 polar bears (Lair:5)
  6 hornets
  22 blink frogs
  A slime creature (D:11)
  9 spriggans (Lair:5)
  3 wyverns
  52 yaks
  3 basilisks
  A vampire (D:10)
  3 water elementals
  3 wraiths
  A warg (D:12)
  A redback (D:11)
  3 steam dragons
  2 shadows (D:11)
  Eustachio (D:4)
  A vampire mosquito (D:11)
  Grum (D:11)
  A fire bat (shapeshifter) (D:11)
  Duvessa (D:4)
  2 acid dragons (D:11)
  3 nagas (Lair:3)
  13 water moccasins
  An ice beast (D:6)
  2 orc warriors
  A sky beast (D:8)
  4 black bears
  32 wolves
  10 ogres
  The ghost of cowcow the Sneak, an amateur DsBr (D:3)
  8 centaurs
  4 boggarts (Lair:5)
  2 phantoms
  6 kobold brigands
  9 bullfrogs
  5 scorpions
  3 gnoll sergeants
  3 wights (D:7)
  Dowan (D:4)
  33 killer bees
  An oklob sapling (D:5)
  A howler monkey (D:10)
  2 electric eels (D:12)
  2 bombardier beetles (D:5)
  5 hounds
  3 jellies
  A centaur zombie (D:5)
  9 orc priests
  Ijyb (D:4)
  An iguana (D:7)
  7 orc wizards
  7 hell rats (Lair:1)
  A hound zombie (D:5)
  2 howler monkey zombies (D:5)
  21 gnolls
  A river rat (D:3)
  11 adders
  2 white imps
  4 ribbon worms
  3 dart slugs
  39 orcs
  5 endoplasms
  A giant cockroach (D:1)
  16 goblins
  11 hobgoblins
  2 jackals (D:2)
  5 quokkas
  5 ball pythons
  2 bats
  3 frilled lizards
  21 kobolds
  2 rats
539 creatures vanquished.

Vanquished Creatures (others)
  A kobold (D:9)
1 creature vanquished.

Grand Total: 540 creatures vanquished

Notes
Turn   | Place    | Note
-------+----------+-------------------------------------------
     0 | D:1      | jagoly the Human Earth Elementalist began the quest for the
                  | Orb.
     0 | D:1      | Reached XP level 1. HP: 13/13 MP: 3/3
    18 | D:1      | Found Liphu's Book Emporium.
    63 | D:2      | Reached XP level 2. HP: 20/20 MP: 1/5
   194 | D:1      | Reached XP level 3. HP: 19/25 MP: 0/6
   255 | D:1      | Learned a level 3 spell: Passwall
   261 | D:2      | Reached skill level 1 in Fighting
   289 | D:2      | Identified the +2 whip of Dal Wemn {protect, rN+}
   304 | D:2      | Reached XP level 4. HP: 27/32 MP: 3/7
   467 | D:2      | Reached skill level 4 in Earth Magic
   476 | D:2      | Learned a level 3 spell: Stone Arrow
   523 | D:3      | Found a blossoming altar of Fedhas.
   554 | D:3      | Found a faded altar of an unknown god.
   593 | D:3      | Reached XP level 5. HP: 30/38 MP: 2/9
   631 | D:3      | Found a runed translucent door.
   634 | D:3      | Noticed cowcow's ghost (amateur DsBr)
   661 | D:3      | Found a sparkling altar of Nemelex Xobeh.
   661 | D:3      | Found a shimmering blue altar of Sif Muna.
   694 | D:3      | Killed cowcow's ghost
   695 | D:3      | Reached XP level 6. HP: 20/44 MP: 0/10
   711 | D:3      | Found a runed translucent door.
   759 | D:4      | Noticed Dowan
   760 | D:4      | Noticed Duvessa
   806 | D:4      | Reached skill level 5 in Earth Magic
   822 | D:4      | Noticed Ijyb
   828 | D:4      | Killed Ijyb
   829 | D:4      | Reached XP level 7. HP: 42/51 MP: 1/11
   925 | D:4      | Noticed Eustachio
   943 | D:3      | Found a radiant altar of Vehumet.
   948 | D:3      | Found a faded altar of an unknown god.
  1001 | D:3      | Reached skill level 1 in Armour
  1001 | D:3      | Reached skill level 6 in Earth Magic
  1063 | D:4      | Killed Eustachio
  1105 | D:4      | Killed Duvessa
  1106 | D:4      | Reached XP level 8. HP: 14/58 MP: 0/12
  1108 | D:4      | Killed Dowan
  1146 | D:4      | Found Remazia's Book Emporium.
  1228 | D:5      | Entered Level 5 of the Dungeon
  1235 | D:5      | Found a staircase to the Ecumenical Temple.
  1251 | Temple   | Entered the Ecumenical Temple
  1272 | D:5      | Reached skill level 5 in Conjurations
  1272 | D:5      | Reached skill level 7 in Earth Magic
  1406 | D:5      | Found a shadowy altar of Dithmenos.
  1818 | D:6      | Reached skill level 8 in Earth Magic
  1847 | D:6      | Noticed a +0 hand axe
  1848 | D:6      | Noticed a +0 dagger
  1849 | D:6      | Found a hide-covered altar of Uskayaw.
  1849 | D:6      | Noticed a troll
  1855 | D:6      | Killed a troll
  1856 | D:6      | Reached XP level 9. HP: 64/64 MP: 3/13
  1918 | D:6      | Found a snail-covered altar of Cheibriados.
  1927 | D:6      | Became a worshipper of Cheibriados the Contemplative
  2013 | D:6      | Noticed Jeremiah
  2040 | D:6      | Killed Jeremiah
  2161 | D:6      | Reached * piety under Cheibriados
  2370 | D:7      | Found Daroa's Magic Scroll Shoppe.
  2370 | D:7      | Noticed a hornet
  2375 | D:7      | Paralysed by a hornet for 1 turns
  2376 | D:7      | Killed a hornet
  2383 | D:7      | Bought a scroll of revelation for 75 gold pieces
  2383 | D:7      | Bought a scroll of identify for 20 gold pieces
  2395 | D:7      | Noticed a two-headed ogre
  2431 | D:7      | Reached ** piety under Cheibriados
  2618 | D:7      | Noticed a cyclops
  2622 | D:7      | Killed a cyclops
  2623 | D:7      | Reached skill level 9 in Earth Magic
  2623 | D:7      | Reached XP level 10. HP: 71/71 MP: 6/16
  2628 | D:7      | Learned a level 4 spell: Petrify
  2798 | D:7      | Killed a two-headed ogre
  2951 | D:8      | Reached *** piety under Cheibriados
  2990 | D:8      | Noticed Amaemon
  2997 | D:8      | Noticed an orange demon
  3005 | D:8      | Killed Amaemon
  3014 | D:8      | Killed an orange demon
  3015 | D:8      | Reached skill level 5 in Fighting
  3194 | D:8      | Reached skill level 10 in Earth Magic
  3200 | D:8      | Reached skill level 5 in Dodging
  3204 | D:8      | Reached XP level 11. HP: 63/81 MP: 9/17
  3239 | D:8      | Reached **** piety under Cheibriados
  3260 | D:8      | Reached skill level 1 in Invocations
  3352 | D:10     | Entered Level 10 of the Dungeon
  3483 | D:9      | Identified the +7 chain mail "Etavippe" {rElec Regen+
                  | Int-2}
  3538 | D:9      | Found a staircase to the Lair.
  3640 | D:9      | Reached ***** piety under Cheibriados
  3686 | D:10     | Noticed a seven-headed hydra
  3689 | D:10     | Found Lofug's Weapon Shoppe.
  3693 | D:10     | Killed a seven-headed hydra
  3807 | D:11     | Learned a level 5 spell: Lee's Rapid Deconstruction
  3835 | D:11     | Noticed Grum
  3838 | D:11     | Killed Grum
  3878 | D:11     | Noticed Lodul
  3901 | D:11     | Noticed a four-headed hydra
  3901 | D:11     | Found the +10 zealot's sword {holy, Zealotry, *Rage rN+
                  | EV+3}
  3902 | D:11     | Noticed a four-headed hydra
  3905 | D:11     | Killed a four-headed hydra
  3907 | D:11     | Reached skill level 5 in Invocations
  3911 | D:11     | Killed a four-headed hydra
  3912 | D:11     | Reached skill level 1 in Throwing
  3912 | D:11     | Reached skill level 5 in Armour
  3912 | D:11     | Reached skill level 5 in Stealth
  3944 | D:11     | Noticed a catoblepas
  3949 | D:11     | Noticed a manticore
  3961 | D:11     | Killed a catoblepas
  3966 | D:11     | Killed a manticore
  3993 | D:11     | Noticed a cyclops
  4002 | D:11     | Killed a cyclops
  4003 | D:11     | Reached XP level 12. HP: 92/92 MP: 10/18
  4052 | D:11     | Noticed a tengu warrior
  4052 | D:11     | Noticed an ogre mage
  4055 | D:11     | Noticed an entropy weaver
  4056 | D:11     | an entropy weaver changed into a torpor snail
  4058 | D:11     | Noticed a boulder beetle
  4064 | D:11     | Killed a tengu warrior
  4077 | D:11     | Killed a boulder beetle
  4078 | D:11     | Killed an ogre mage
  4109 | D:11     | Identified the staff "Vuffut" {rElec rC+ Stlth+ Ice}
  4109 | D:11     | Identified the +0 plate armour of Gestures {Regen+ Dex+3}
  4125 | D:11     | Got the Papyrus of Voltage and the Door
  4208 | D:11     | Killed Lodul
  4226 | D:11     | Identified the +8 long sword of the Shining Light {holy,
                  | rCorr}
  4251 | D:11     | Noticed a two-headed ogre
  4258 | D:11     | Killed a two-headed ogre
  4571 | D:10     | Noticed a two-headed ogre
  4586 | D:10     | Killed a two-headed ogre
  4678 | D:10     | Identified the +8 whip of the Hand {heavy, rElec rC- Str+4}
  4727 | D:10     | Reached ****** piety under Cheibriados
  4756 | D:10     | Found a white marble altar of Elyvilon.
  4817 | D:10     | Found a basalt altar of Yredelemnul.
  4935 | D:10     | You fall into a shaft and drop 2 floors!
  4943 | D:12     | Noticed Rupert
  4969 | D:12     | Noticed Urug
  4971 | D:12     | Reached XP level 13. HP: 88/101 MP: 13/19
  4974 | D:12     | Killed Urug
  4982 | D:12     | Learned a level 1 spell: Apportation
  4993 | D:12     | Found a staircase to the Orcish Mines.
  5055 | D:12     | Reached skill level 1 in Translocations
  5170 | D:11     | Learned a level 2 spell: Blink
  5283 | Lair:1   | Entered Level 1 of the Lair of Beasts
  5395 | D:9      | Reached skill level 5 in Spellcasting
  5463 | Lair:1   | Noticed Gastronok
  5485 | Lair:1   | Killed Gastronok
  5566 | Lair:1   | Reached skill level 10 in Fighting
  5580 | Lair:1   | Reached skill level 1 in Axes
  5668 | Lair:3   | Noticed Fannar
  5673 | Lair:3   | Killed Fannar
  5735 | Lair:3   | Found a staircase to the Shoals.
  5796 | Lair:3   | Reached XP level 14. HP: 110/110 MP: 13/23
  5819 | Lair:3   | Reached skill level 10 in Armour
  5856 | Lair:3   | Reached skill level 5 in Axes
  5856 | Lair:3   | Reached skill level 11 in Earth Magic
  6159 | Lair:3   | Found a staircase to the Snake Pit.
  6201 | Lair:4   | Found a viscous altar of Jiyva.
  6202 | Lair:4   | Found a staircase to the Slime Pits.
  6213 | Lair:5   | Entered Level 5 of the Lair of Beasts
  6408 | Lair:5   | Reached skill level 12 in Earth Magic
  6597 | Lair:5   | Got an earthy gem with 1802 turns to spare
  6823 | Lair:3   | Learned a level 5 spell: Freezing Cloud
  6843 | Snake:1  | Entered Level 1 of the Snake Pit
  6859 | Snake:1  | Reached skill level 1 in Shields
  6859 | Snake:1  | Reached XP level 15. HP: 48/115 MP: 16/24
  6938 | Snake:2  | Slain by a naga warrior

Illustrated notes

Levels and vault maps discovered:
D:1:      roderic_crop_circles_arrival_small, layout_basic, serial_shops,
          nicolae_book_shop_shelving
D:2:      layout_rooms, minmay_misc_feat_tiny
D:3:      layout_loops_ring, overflow_temple_1_default,
          nicolae_overflow_ecumenical_swirl, lemuel_tele_altar,
          mainiacjoe_overflow_tiny_flanked, overflow_temple_1_default,
          ebering_ghost_sewer_f, hellmonk_ecumenical_altar_crossroads,
          uniq_robin
D:4:      layout_cave_pools, serial_shops, nicolae_shop_real_fake_doors,
          uniq_eustachio, uniq_duvessa, uniq_ijyb
D:5:      layout_basic, nicolae_dithmenos_the_darkroom,
          minmay_temple_entry_oklob, serial_undead, serial_undead_b,
          serial_undead_c, serial_undead_e, serial_undead_b,
          amcnicky_mini_rare_corridor_liquid
D:6:      corexii_shantytown, layout_basic, slow_altar_1,
          dancing_weapons_uskayaw, uniq_jeremiah
D:7:      layout_basic, serial_shops, nicolae_lakefront_shop,
          minmay_misc_feat_pillars, grunt_decor_mini_mirrors,
          kennysheep_generic_room_15
D:8:      layout_basic, uniq_amaemon
D:9:      layout_cave_pods, nicolae_qazlal_eye_of_the_storm,
          due_lair_maze_entry_diamond,
          hellmonk_guarded_unrand_vitality_bloodlust
D:10:     layout_roguey, kennysheep_ying_yang, serial_shops, shop,
          serial_curves, eino_curves_03, eino_curves_02,
          nicolae_zen_rock_garden, serial_park_tiny_pond
D:11:     minmay_the_grid_octo_triangle [minmay_the_grid_octo_clover_2,
          minmay_the_grid_octo_prize_square_snowflake,
          minmay_the_grid_octo_teeth], layout_basic, gauntlet_entry_generic,
          grunt_ministairs_5, kennysheep_generic_room_10, uniq_grum, uniq_lodul
D:12:     layout_basic, erik_orc_4, serial_glass, glass_columns_b,
          glass_columns_a, due_unseen_surprise, item_on_display_a,
          feat_on_display, feat_on_display, fungi_pond_lemuel, uniq_rupert,
          uniq_urug
Temple:   minmay_freezing_vapour_temple
Lair:1:   layout_regular_city, grunt_megastairs_3, uniq_gastronok
Lair:2:   layout_long_grid, basic_altar, nicolae_lair_run_with_the_wolves,
          grunt_megastairs_2, lemuel_fruit_tree
Lair:3:   layout_regular_city, nicolae_shoals_entry_roost,
          nicolae_snake_entry_squirm, st_stairs_3, uniq_fannar
Lair:4:   layout_hall_layers, dpeg_slime_entry_enclosed
Lair:5:   minmay_lair_end_enchanted_forest, layout_regular_city,
          grunt_megastairs_1
Snake:1:  layout_chambers, grunt_megastairs_5, uniq_roxanne
Snake:2:  layout_layer_cave, serial_bayou_shore_b, minmay_shop_grove

Skill      XL: |  1  2  3  4  5  6  7  8  9 10 11 12 13 14 15 |
---------------+----------------------------------------------+-----
Fighting       | 1 2 3 4 5 7 9 10 | 10.0
Conjurations   | 2 3 4 6 7 8 |  8.0
Earth Magic    | 4 5 6 8 9 10 12 | 12.0
Spellcasting   | 3 4 6 |  6.0
Armour         | 2 3 4 5 8 9 10 | 10.0
Stealth        | 4 5 6 |  6.0
Dodging        | 3 5 6 8 |  8.0
Evocations     | 2 |  2.0
Invocations    | 6 8 |  8.0
Throwing       | 2 4 |  4.1
Translocations | 4 |  4.0
Axes           | 3 9 |  9.4
Shields        | 1 3 |  3.8

Action                     |  1- 3 |  4- 6 |  7- 9 | 10-12 | 13-15 || total
---------------------------+-------+-------+-------+-------+-------++-------
  Melee: Unarmed           |     7 |       |       |       |       ||     7
         Punch             |     2 |       |       |     6 |     7 ||    15
         Dagger            |    15 |       |       |       |       ||    15
         Whip              |       |    16 |    24 |     2 |       ||    42
         Short sword       |       |       |       |   135 |       ||   135
         Falchion          |       |       |       |    27 |       ||    27
         Staff             |       |       |       |    37 |     1 ||    38
         Long sword        |       |       |       |     6 |     2 ||     8
         Broad axe         |       |       |       |       |   325 ||   325
         Trident           |       |       |       |       |    10 ||    10
   Fire: Sling             |       |       |    44 |       |       ||    44
  Throw: Stone             |       |     2 |     1 |     3 |       ||     6
         Dart              |       |       |       |     4 |    12 ||    16
         Throwing net      |       |       |       |     1 |       ||     1
         Boomerang         |       |       |       |     2 |    10 ||    12
         Javelin           |       |       |       |     2 |    22 ||    24
   Cast: Sandblast         |    30 |    57 |   148 |   110 |    21 ||   366
         Stone Arrow       |       |     6 |    32 |    54 |   154 ||   246
         Passwall          |       |       |     2 |    63 |    62 ||   127
         Lee's Rapid Decon |       |       |       |    25 |     9 ||    34
         Apportation       |       |       |       |       |    23 ||    23
         Blink             |       |       |       |       |     2 ||     2
 Invoke: Slouch            |       |       |       |     3 |     3 ||     6
  Evoke: Wand              |       |       |     6 |    15 |     5 ||    26
    Use: Scroll            |       |       |     4 |     4 |    11 ||    19
         Potion            |       |       |       |     2 |       ||     2
   Stab: Sleeping          |       |     1 |       |     5 |     2 ||     8
         Held in net/web   |       |       |       |     2 |       ||     2
         Invisible         |       |       |       |     1 |       ||     1
         Petrified         |       |       |       |       |     1 ||     1
         Distracted        |       |       |       |       |     1 ||     1
 Armour: Robe              |    20 |    26 |     1 |       |       ||    47
         Leather armour    |       |       |    63 |       |       ||    63
         Troll leather arm |       |       |    12 |   174 |    12 ||   198
         Chain mail        |       |       |       |       |   538 ||   538
  Dodge: Dodged            |    31 |    25 |   107 |   412 |   883 ||  1458
  Block: Other             |       |       |       |    39 |   156 ||   195
         Reflection        |       |       |       |     1 |     3 ||     4
         Buckler           |       |       |       |       |    13 ||    13
